Construct Section Command Post
Construct Section Command Post
Selects Canadian Shock Battlegroup
Selects Canadian Shock Section
Selects Incendiary Munitions
Construct Platoon Command Post
Construct Platoon Command Post
Unlock M3 Stuart Light Tanks
Construct Field Infirmary
Selects Churchill Crocodile Heavy Tank
Churchill Crocodile Heavy Tank
Churchill Crocodile Heavy Tank
Unlock Bishop Self-propelled Artillery
Bishop Self-propelled Artillery